 Dungeon Crawl Stone Soup version 0.20-a0-443-g0464b71 (webtiles) character file.

418241 Goblin1989 the Shatterer (level 23, -5/190 HPs)
             Began as a Barachian Fighter on Jan 6, 2017.
             Was a High Priest of Okawaru.
             Killed from afar by a fire giant (50 damage)
             ... with a bolt of fire
             ... on level 4 of the Depths.
             The game lasted 03:50:59 (47546 turns).

Goblin1989 the Shatterer (Barachian Fighter)       Turns: 47546, Time: 03:51:00

Health: -5/190     AC: 29    Str: 23    XL:     23   Next: 65%
Magic:  39/39      EV: 13    Int: 15    God:    Okawaru [*****.]
Gold:   1662       SH: 29    Dex: 11    Spells: 8/22 levels left

rFire  . . .     SeeInvis +     b - +8 demon whip of the Present {freeze, -Tele +Fly rN+ MP+9 Stlth-}
rCold  + . .     Gourm    .     J - +1 plate armour of the Equinox {Int+2} (curse)
rNeg   + + +     Faith    .     F - +7 large shield of Too Many Cooks {MR+ Regen+ Int+3}
rPois  +         Spirit   .     x - +3 crown of Dyrovepreva {rElec Int+2 SInv}
rElec  +         Reflect  .     V - +0 cloak {rPois}
rCorr  +         Harm     .     L - +2 pair of gloves {Dex+3}
MR     +++..     NoTele   +     w - +0 pair of boots of Vyutur {rN+++ rCorr Str-2}
Stlth  ..........               r - amulet of regeneration
                                Y - ring "Medwibih" {rC+ Str+2}
                                m - ring of protection from magic

@: slow
A: swims, clumsy 1, slowness 1, sturdy frame 1, strong legs 2
}: 2/15 runes: decaying, serpentine
a: Hop, Heroism, Finesse, Renounce Religion, Evoke Flight


You were on level 4 of the Depths.
You worshipped Okawaru.
Okawaru was extremely pleased with you.
You were not hungry.

You visited 8 branches of the dungeon, and saw 40 of its levels.
You also visited: Labyrinth, Ice Cave and Wizlab.

You collected 4185 gold pieces.
You spent 2523 gold pieces at shops.

Inventory:

Hand Weapons
 a - a +3 eveningstar of draining
 b - the +8 demon whip of the Present (weapon) {freeze, -Tele +Fly rN+ MP+9 Stlth-}
   (Okawaru gifted it to you on level 3 of the Vaults)

   It has been specially enchanted to freeze those struck by it, causing extra
   injury to most foes and up to half again as much damage against particularly
   susceptible opponents.
   It can also slow down cold-blooded creatures.
   It protects you from negative energy.
   It affects your magic capacity (+9).
   It lets you fly.
   It prevents most forms of teleportation.
   It makes you less stealthy.
 p - a +6 demon whip of freezing
Missiles
 Z - 3 throwing nets {=f, !d}
Armour
 w - the +0 pair of boots of Vyutur (worn) {rN+++ rCorr Str-2}
   (You bought it in a shop on level 1 of the Orcish Mines)

   It affects your strength (-2).
   It renders you almost immune to negative energy.
   It protects you from acid and corrosion.
 x - the +3 crown of Dyrovepreva (worn) {rElec Int+2 SInv}
   (You found it in a labyrinth)

   It affects your intelligence (+2).
   It insulates you from electricity.
   It lets you see invisible.
 F - the +7 large shield of Too Many Cooks (worn) {MR+ Regen+ Int+3}
   (You bought it in a shop on level 5 of the Dungeon)

   It affects your intelligence (+3).
   It affects your resistance to hostile enchantments.
   It increases your rate of regeneration.
 J - the cursed +1 plate armour of the Equinox (worn) {Int+2}
   (You found it on level 1 of the Depths)

   It affects your intelligence (+2).
   It has a curse placed upon it.
 L - a +2 pair of gloves of dexterity (worn)
 V - a +0 cloak of poison resistance (worn)
Jewellery
 c - an uncursed ring of protection from cold
 f - an uncursed ring of protection from fire
 m - a ring of protection from magic (left hand)
 r - an amulet of regeneration (around neck)
 Y - the ring "Medwibih" (right hand) {rC+ Str+2}
   (You found it on level 13 of the Dungeon)

   [ring of protection from cold]

   It affects your strength (+2).
   It protects you from cold.
Wands
 g - a wand of digging (7/24)
 v - a wand of disintegration (10/24)
Scrolls
 i - 2 scrolls of silence {!r}
 j - 3 scrolls of recharging
 n - 2 scrolls of enchant armour
 q - 5 scrolls of remove curse {@r2}
 B - 6 scrolls of blinking
 D - 2 scrolls of summoning
 K - 3 scrolls of immolation {!r}
 M - 4 scrolls of magic mapping
 O - 3 scrolls of fog
 P - a scroll of brand weapon
 Q - 4 scrolls of fear
 R - 29 scrolls of identify {@r1}
 T - 14 scrolls of teleportation {!r, @r4}
Potions
 d - 5 potions of might
 k - 3 potions of invisibility
 l - 2 potions of resistance
 t - 5 potions of heal wounds {!q, @q2}
 u - 7 potions of flight
 A - 2 potions of ambrosia
 E - 4 potions of cure mutation {!q}
 G - 4 potions of cancellation
 S - 2 potions of berserk rage {!q}
 U - 19 potions of curing {@q1}
 W - 7 potions of haste {!q, @q3}
 X - 3 potions of agility
Miscellaneous
 y - a box of beasts
Comestibles
 e - 17 bread rations {@e1}
 h - 30 meat rations {@e2}
 o - 8 chunks of flesh {@w0}
 s - 5 fruits
 N - 6 slices of pizza


   Skills:
 + Level 17.9 Fighting
 - Level 22.0 Maces & Flails
 + Level 17.9 Armour
 + Level 14.9 Dodging
 * Level 18.2 Shields
 + Level 10.0 Invocations


You had 8 spell levels left.
You knew the following spells:

 Your Spells              Type           Power        Failure   Level  Hunger
a - Lesser Beckoning      Tloc           #.........   100%        3    ####...
h - Shroud of Golubria    Chrm/Tloc      #.........   100%        2    ###....
o - Apportation           Tloc           #.........   100%        1    ##.....
y - Song of Slaying       Chrm           #.......     100%        2    ###....
R - Regeneration          Chrm/Necr      #.........   100%        3    ####...
W - Spectral Weapon       Hex/Chrm       #.......     100%        3    ####...


Dungeon Overview and Level Annotations

Branches:
Dungeon (15/15)            Temple (1/1) D:4            Lair (6/6) D:10
  Swamp (4/4) Lair:2        Snake (4/4) Lair:3        Slime (0/5) Lair:6
    Orc (2/2) D:9             Elf (0/3) Orc:2        Vaults (4/5) D:13
  Crypt (0/3) Vaults:2     Depths (4/5) D:15

Altars:
Ashenzari
Cheibriados
Dithmenos
Elyvilon
Fedhas
Gozag
Hepliaklqana
Kikubaaqudgha
Makhleb
Nemelex Xobeh
Okawaru
Qazlal
Ru
Sif Muna
Trog
Uskayaw
Vehumet
Xom
Yredelemnul
Zin
The Shining One
Beogh

Shops:
D:5 [   D:7 [!?:   D:9 (   D:10 !   D:12 *   Orc:1 [   Orc:2 =*((!   Snake:1 ((
Vaults:1 }?%   Vaults:2 [   Vaults:3 :   Depths:1 }=}

Portals:
Hell: Depths:1 Depths:2 Depths:3
Abyss: Depths:3
Pandemonium: Depths:1 Depths:3
Ziggurat: Depths:3

Annotations:
D:2 1 runed door
D:3 Terence


Innate Abilities, Weirdness & Mutations

You can swim through water.
You cover ground slowly.
You can hop longer distances.
You are clumsy. (Dex -2)
Your movements are slightly less encumbered by armour. (ER -2)


Message History

The fire giant casts a spell at you. The bolt of fire hits you!
* * * LOW HITPOINT WARNING * * *
You take 23 damage, and have 47/190 hp.
You thrash the fire giant!! You freeze the fire giant!
The fire giant is severely wounded.
The fire giant hits you with a great sword of flaming.
* * * LOW HITPOINT WARNING * * *
The fire giant burns you.
* * * LOW HITPOINT WARNING * * *
You take 4 damage, and have 43/190 hp.
You whack the fire giant! You freeze the fire giant.
The fire giant is severely wounded.
You whack the fire giant! You freeze the fire giant.
The fire giant is almost dead.
You whack the fire giant! You freeze the fire giant.
The fire giant is almost dead.
The fire giant points at you and mumbles some strange words.
The bolt of fire hits you!
You die... █.████▲█████ █..........█ █.████.███.█ █.█ █.█ ████████ █@█ █.█ █......█ █C█

█.███......█
█.█
█...∆......█
█.█
█.███.<....█
█.█ █.█
█..[...█ █.█
█.█ █......█
█.█ █.█
█......▲ █.█
█.█ █......█
█.█ █......█


You could see a fire giant.

Vanquished Creatures
  An ancient lich (Depths:1)
  Boris (Vaults:3)
  Vashnia (Snake:4)
  Jory (Depths:3)
  An Ice Fiend (IceCv)
  2 liches
  A tentacled monstrosity (Vaults:1)
  Jorgrun (Snake:4)
  A titan (Depths:2)
  A quicksilver dragon (Depths:3)
  The ghost of Uhlv the Brawler, an adept TrWr of Okawaru (Swamp:4)
  Gastronok (Lair:2)
  Kirke (Lair:5)
  2 storm dragons (Vaults:4)
  A sphinx (Depths:3)
  2 thorn hunters
  2 tengu reavers
  9 nagarajas
  An iron dragon (Depths:3)
  6 fire giants
  6 frost giants
  A balrug (Depths:1)
  9 vault wardens
  The ghost of Uhlv the Bludgeoner, a journeyman DsSk of Okawaru (Orc:2)
  13 ironheart preservers
  17 very ugly things
  6 stone giants
  2 entropy weavers (Vaults:4)
  The ghost of Syneil the Grappler, a journeyman TrMo of Nemelex Xobeh (Lair:3)
  A draconian annihilator (Depths:1)
  A deep elf demonologist (Depths:3)
  2 eidola (Vaults:2)
  3 deep elf annihilators (Depths:1)
  3 spark wasps (Depths:1)
  8 ettins
  3 jiangshi
  A deep elf death mage (Vaults:1)
  A minotaur (Lab)
  14 vault guards
  5 yaktaur captains
  10 fire dragons
  4 great orbs of eyes
  6 rakshasas
  27 hydras
  13 naga warriors
  11 ice dragons
  11 centaur warriors
  3 ghost crabs
  A spriggan air mage (Depths:4)
  24 ogre magi
  8 anacondas
  3 tengu warriors
  53 two-headed ogres
  7 deep troll shamans
  12 alligators
  10 death yaks
  6 deep troll earth magi
  2 vampire magi
  A two-headed ogre (shapeshifter) (D:15)
  11 naga sharpshooters
  7 shock serpents
  2 spriggan berserkers (Depths:3)
  A titan skeleton (Depths:2)
  2 sun demons (Depths:1)
  3 salamander mystics (Snake:4)
  2 deep elf knights
  A hell knight (D:13)
  2 shadow wraiths (Vaults:4)
  A skeletal warrior (Vaults:1)
  3 iron trolls
  A golden dragon zombie (Depths:2)
  6 unseen horrors
  3 spriggan druids
  An unseen horror (shapeshifter) (Vaults:4)
  A flayed ghost (Vaults:3)
  6 wizards
  11 naga ritualists
  26 deep trolls
  3 shambling mangroves
  5 deep elf archers
  12 swamp dragons
  16 ironbrand convokers
  5 necromancers
  5 harpies
  10 orc knights
  6 lindwurms
  A fire giant zombie (Depths:2)
  3 orc sorcerers
  3 wolf spiders
  16 deep elf magi
  23 ugly things
  18 cyclopes
  7 mana vipers
  A moth of wrath (shapeshifter) (Vaults:1)
  A sphinx skeleton (Depths:2)
  6 salamanders
  5 elephants (Lair:6)
  A faun (shapeshifter) (Vaults:1)
  12 guardian serpents
  32 black mambas
  A frost giant skeleton (Vaults:4)
  A fire giant skeleton (Depths:2)
  4 large abominations (Depths:3)
  28 naga magi
  Joseph (D:8)
  2 ice statues (IceCv)
  19 spiny frogs
  12 vault sentinels
  2 gargoyles
  A torpor snail (Lair:6)
  7 komodo dragons
  4 rime drakes
  46 yaktaurs
  2 spriggan zombies (Depths:2)
  An efreet (D:13)
  2 freezing wraiths
  10 ice devils (IceCv)
  2 human skeletons (Vaults:4)
  An anaconda simulacrum (IceCv)
  5 tengu conjurers (Depths:1)
  2 jumping spiders (Vaults:4)
  10 trolls
  2 trolls (shapeshifter)
  A golden dragon simulacrum (IceCv)
  2 polar bears
  A meliai (shapeshifter) (D:14)
  A jumping spider (shapeshifter) (Depths:2)
  7 tyrant leeches
  The ghost of Goblin1989 the Cudgeler, an amateur BaFi (D:4)
  Prince Ribbit (D:6)
  15 hornets
  51 slime creatures
  13 blink frogs
  3 hippogriffs (shapeshifter)
  10 hippogriffs
  3 bog bodies
  A meliai zombie (D:10)
  6 dream sheep
  A minotaur skeleton (Lab)
  8 small abominations (Depths:3)
  3 air elementals (Depths:4)
  2 shadows
  3 wraiths
  Sigmund (D:5)
  10 spriggans
  2 water elementals (Depths:3)
  A vampire (D:15)
  A dire elephant simulacrum (IceCv)
  70 yaks
  A basilisk (shapeshifter) (Depths:1)
  3 wyverns
  3 redbacks (Vaults:4)
  2 basilisks
  3 hogs (Lair:5)
  A human (shapeshifter) (Vaults:1)
  2 chaos spawn (Depths:3)
  7 hungry ghosts
  5 wargs
  20 vampire mosquitoes
  12 insubstantial wisps
  An iron troll simulacrum (IceCv)
  2 harpy simulacra (IceCv)
  3 hydra simulacra (IceCv)
  26 swamp worms
  Duvessa (D:7)
  5 water moccasins
  67 nagas
  An acid dragon (Vaults:1)
  8 porcupines
  10 swamp drakes
  47 orc warriors
  An ettin simulacrum (IceCv)
  4 ice beasts
  3 phantoms
  A necrophage (D:9)
  33 ogres
  3 black bears
  A sky beast (D:5)
  An eye of draining (D:12)
  7 boggarts
  13 wolves
  A wolf (shapeshifter) (Vaults:1)
  21 centaurs
  10 crocodiles
  A big kobold (D:12)
  17 bullfrogs
  2 earth elementals
  A deep troll simulacrum (Vaults:3)
  Dowan (D:7)
  4 scorpions
  A wyvern skeleton (D:15)
  4 killer bees (D:7)
  A human simulacrum (Vaults:1)
  An electric eel (Lair:2)
  2 howler monkeys (D:11)
  14 crimson imps
  2 bullfrog zombies
  6 centaur zombies
  5 jellies
  4 hounds
  25 orc priests
  23 orc wizards
  A gnoll shaman (D:6)
  4 centaur skeletons
  4 iguanas
  A bullfrog skeleton (D:9)
  9 worker ants
  A killer bee zombie (D:7)
  4 hound skeletons
  A worker ant zombie (D:6)
  11 gnolls
  12 adders
  2 shadow imps (D:13)
  An ooze (D:2)
  An ooze (shapeshifter) (D:15)
  2 adder skeletons
  2 worms
  2 dart slugs (D:2)
  8 leopard geckos
  86 orcs
  9 giant cockroaches
  14 hobgoblins
  25 jackals
  11 quokkas
  3 ball pythons
  9 bats
  8 frilled lizards
  16 goblins
  7 kobolds
  2 leopard gecko skeletons (D:4)
  A quokka skeleton (D:7)
  9 rats
  2 butterflies
1722 creatures vanquished.

Vanquished Creatures (others)
  Asterion (Snake:1)
  A spriggan druid (Swamp:4)
  An orc knight (Vaults:2)
  A deep elf mage (Vaults:1)
  A black mamba (Snake:2)
  A naga mage (Snake:4)
  A spiny frog (Swamp:4)
  A tyrant leech (Swamp:4)
  A hornet (Swamp:4)
  A spriggan (Swamp:4)
  A human (Lair:5)
  A swamp worm (Swamp:4)
  A naga (Snake:4)
  An insubstantial wisp (Swamp:4)
  A swamp drake (Swamp:4)
  A boggart (Vaults:3)
  An adder skeleton (D:9)
  2 orcs
  2 briar patches (Swamp:4)
  4 fungi
  3 plants
28 creatures vanquished.

Grand Total: 1750 creatures vanquished

Notes
Turn   | Place    | Note
-------+----------+-------------------------------------------
     0 | D:1      | Goblin1989 the Barachian Fighter began the quest for the Orb.
     0 | D:1      | Reached XP level 1. HP: 18/18 MP: 1/1
   249 | D:1      | Reached XP level 2. HP: 24/24 MP: 2/2
   444 | D:1      | Reached skill level 3 in Maces & Flails
   709 | D:1      | Reached XP level 3. HP: 21/29 MP: 3/3
  1283 | D:2      | Reached skill level 4 in Maces & Flails
  1320 | D:2      | Iwannabefree: yif ubil heh
  1423 | D:2      | Sapher: он самоубился об него ^_^
  1464 | D:2      | Reached XP level 4. HP: 33/35 MP: 4/4
  1937 | D:2      | Found a runed door.
  2141 | D:3      | Reached skill level 5 in Maces & Flails
  2141 | D:3      | Reached XP level 5. HP: 33/41 MP: 5/5
  2166 | D:3      | Noticed Terence
  2989 | D:4      | Found a staircase to the Ecumenical Temple.
  2992 | Temple   | Entered the Ecumenical Temple
  3237 | Temple   | Became a worshipper of Warmaster Okawaru
  3526 | Temple   | bear: LUL?
  3548 | D:4      | bear: wto za barachian?
  3642 | D:4      | Noticed Goblin1989's ghost (amateur BaFi)
  3704 | D:4      | Goblin1989: o
  3704 | D:4      | Goblin1989: new
  3735 | D:4      | Reached skill level 6 in Maces & Flails
  3766 | D:4      | Reached XP level 6. HP: 47/47 MP: 6/6
  4065 | D:4      | Learned a level 3 spell: Regeneration
  4234 | D:4      | Reached skill level 7 in Maces & Flails
  4280 | D:4      | Reached * piety under Okawaru
  4281 | D:4      | bear: в чем их прикол?
  4287 | D:4      | bear: теже самые мерфолки
  4287 | D:4      | bear: только еще со скоростью наги
  4287 | D:4      | bear: ну блинк типо халявный?
  4287 | D:4      | Goblin1989: абилка, апты
  4287 | D:4      | bear: апты такие себе
  4287 | D:4      | bear: середнячек
  4287 | D:4      | Goblin1989: ну и плюс у мерфолков в воде EV увеличивается, а у этого - нифига
  4320 | D:4      | Reached XP level 7. HP: 38/52 MP: 7/7
  4616 | D:4      | Iwannabefree: ебать различия
  4620 | D:4      | Iwannabefree: да тот же хуман
  4626 | D:4      | Iwannabefree: только медленный без статов и с прыжком фелида
  4626 | D:4      | Goblin1989: вы чего докопались-то?
  4626 | D:4      | Iwannabefree: девы говном кормят
  4626 | D:4      | Iwannabefree: нинравицо
  4626 | D:4      | Goblin1989: мне вот не нравятся новые версии - играю в старые
  4626 | D:4      | Iwannabefree: я тоже
  4626 | D:4      | Goblin1989: и не ворчу
  4626 | D:4      | Goblin1989: а ты ворчишь
  4626 | D:4      | Iwannabefree: но тем не менее считаю нужным и необходимым высказать свое мнение
  4629 | D:4      | Iwannabefree: сделали говно
  4632 | D:4      | Iwannabefree: унылое
  4640 | D:4      | Iwannabefree: лучше бы вп реворкнули нормально
  4640 | D:4      | bear: насчт говна согласен
  4640 | D:4      | bear: полный кал
  4640 | D:4      | bear: кроме блинка на пол рассстояния не вижу никаких интерессностей
  4640 | D:4      | Iwannabefree: в таверне все орали что будет ОП
  4640 | D:4      | Iwannabefree: типа блинк без ресурскоста
  4651 | D:4      | Killed Goblin1989's ghost
  4651 | D:4      | Reached skill level 8 in Maces & Flails
  4817 | D:4      | bear: та хрень
  4820 | D:4      | bear: этот блинк очень ситуативен
  4820 | D:4      | bear: если ты далеко от лестницы
  4820 | D:4      | bear: тебе пезда, т.к. ты медленный
  4820 | D:4      | Iwannabefree: нинужен с такой скоростью
  4836 | D:5      | Entered Level 5 of the Dungeon
  4844 | D:5      | Noticed Sigmund
  4894 | D:5      | Iwannabefree: постой на месте
  4899 | D:5      | Iwannabefree: он восстановится
  4994 | D:5      | Noticed a hungry ghost
  5028 | D:5      | Killed a hungry ghost
  5028 | D:5      | Reached skill level 9 in Maces & Flails
  5028 | D:5      | Reached XP level 8. HP: 57/58 MP: 8/8
  5044 | D:5      | bear: блять еще и навание уебищное какое-то, пойду гуглить что это за говно
  5139 | D:5      | bear: хуету придумали
  5231 | D:5      | Reached ** piety under Okawaru
  5237 | D:5      | Reached skill level 10 in Maces & Flails
  5238 | D:5      | bear: лучшеб вввели какогото оборотня щитоле
  5241 | D:5      | bear: вампир такто давно есть
  5437 | D:5      | Killed Sigmund
  5494 | D:5      | Found Qinoskov's Antique Armour Shoppe.
  5503 | D:5      | Bought a steaming large shield for 247 gold pieces
  5503 | D:5      | Iwannabefree: он хуевый оче
  5503 | D:5      | Iwannabefree: реворкать нада
  5513 | D:5      | Identified the +7 large shield of Too Many Cooks {MR+ Regen+ Int+3} (You bought it in a shop on level 5 of the Dungeon)
  5513 | D:5      | Iwannabefree: в таверне пару предложений висит даже
  5514 | D:5      | Iwannabefree: хотя бы сделать реген в бладлессе и дать рторм
  5526 | D:5      | Iwannabefree: этого уже будет достаточно
  5537 | D:5      | Goblin1989: эй, чат
  5537 | D:5      | Iwannabefree: покожи щиток
  5537 | D:5      | Goblin1989: зацени баклер мой новый!
  5537 | D:5      | Iwannabefree: не видно полностью
  5537 | D:5      | bear: шимлд оф ту мэни кукиес?
  5537 | D:5      | Iwannabefree: ноис
  5537 | D:5      | Iwannabefree: топовый
  5537 | D:5      | Iwannabefree: с регеном
  5537 | D:5      | Goblin1989: the +7 large shield of Too Many Cooks (worn) {MR+ Regen+ Int+3}
  5539 | D:5      | Iwannabefree: meh
  5539 | D:5      | bear: ЛУЛ
  5549 | D:5      | Iwannabefree: ??loudness
  5549 | D:5      | beem: modified stealth[1/1]: /3 when confused, +80 shadow card effect, +50 for every ring/boots of stealth/artefact +, -50 for every ring of loudness/artefact -, -(2/3 * ER^2), +50 in water if you are Op or Mf, /2 if you are size<=normal and can't swim, -10/15/20 for hooves 1/2/3, -50 silence.
  5902 | D:6      | Noticed Prince Ribbit
  5911 | D:6      | Killed Prince Ribbit
  5911 | D:6      | Reached XP level 9. HP: 57/66 MP: 6/9
  6553 | D:7      | Found Cag Zul's Book Shop.
  6621 | D:7      | Noticed Duvessa
  6623 | D:7      | Noticed Dowan
  6631 | D:7      | Killed Duvessa
  6631 | D:7      | Reached skill level 11 in Maces & Flails
  6631 | D:7      | Reached skill level 5 in Armour
  6639 | D:7      | Killed Dowan
  6723 | D:7      | Found Aloin's Distillery.
  6730 | D:7      | Bought a potion of curing for 39 gold pieces
  6730 | D:7      | Bought a potion of heal wounds for 65 gold pieces
  6730 | D:7      | Bought a potion of degeneration for 13 gold pieces
  6746 | D:7      | Reached *** piety under Okawaru
  6746 | D:7      | Reached skill level 5 in Fighting
  6804 | D:7      | Found Dazyvul's Armour Shop.
  6948 | D:8      | Reached skill level 5 in Shields
  7004 | D:8      | Learned a level 2 spell: Song of Slaying
  7008 | D:8      | Learned a level 3 spell: Spectral Weapon
  7042 | D:8      | Noticed Joseph
  7071 | D:8      | Killed Joseph
  7071 | D:8      | Reached XP level 10. HP: 72/76 MP: 8/10
  7304 | D:8      | Noticed a two-headed ogre
  7879 | D:8      | Reached **** piety under Okawaru
  7990 | D:7      | Found Pifen's Magic Scroll Shop.
  7993 | D:7      | Bought a scroll of identify for 24 gold pieces
  7993 | D:7      | Bought a scroll of identify for 24 gold pieces
  7993 | D:7      | Bought a scroll of identify for 24 gold pieces
  7993 | D:7      | Bought a scroll of immolation for 42 gold pieces
  8030 | D:7      | Found a shadowy altar of Dithmenos.
  8292 | D:9      | Found a staircase to the Orcish Mines.
  8292 | D:9      | Noticed a two-headed ogre
  8363 | D:9      | Reached skill level 12 in Maces & Flails
  8489 | D:9      | Noticed a two-headed ogre
  8594 | D:9      | Killed a two-headed ogre
  8647 | D:9      | Killed a two-headed ogre
  8647 | D:9      | Reached ***** piety under Okawaru
  8697 | D:9      | Reached skill level 13 in Maces & Flails
  8697 | D:9      | Reached XP level 11. HP: 86/86 MP: 11/11
  8873 | D:9      | Found Cixurghi's Weapon Shop.
  8893 | D:9      | Found a white marble altar of Elyvilon.
  9012 | D:10     | Entered Level 10 of the Dungeon
  9050 | D:10     | Noticed a two-headed ogre
  9066 | D:10     | Killed an unseen horror
  9066 | D:10     | Reached XP level 12. HP: 76/94 MP: 9/12
  9072 | D:10     | Killed a two-headed ogre
  9072 | D:10     | Received a gift from Okawaru
  9081 | D:10     | Got an ichor-stained dire flail {god gift}
  9115 | D:10     | Found a glowing golden altar of the Shining One.
  9383 | D:10     | Reached skill level 14 in Maces & Flails
  9429 | D:10     | Found a staircase to the Lair.
  9450 | D:10     | Found Asosapol's Distillery.
  9455 | D:10     | Bought a potion of resistance for 100 gold pieces
  9455 | D:10     | Bought a potion of brilliance for 40 gold pieces
  9455 | D:10     | Bought a potion of lignification for 30 gold pieces
  9464 | D:10     | Learned a level 2 spell: Shroud of Golubria
  9742 | Lair:1   | Entered Level 1 of the Lair of Beasts
  9814 | Lair:1   | Noticed a six-headed hydra
  9822 | Lair:1   | Killed a six-headed hydra
 10252 | Lair:1   | Noticed an eight-headed hydra
 10263 | Lair:1   | Killed an eight-headed hydra
 10381 | Lair:1   | Got heavily runed ice dragon scales
 10413 | Lair:1   | Reached skill level 1 in Invocations
 10657 | Lair:1   | Identified the cursed +0 ice dragon scales "Alunuw" {*Contam rF- rC++ rCorr Str+3 Dex+4} (You found it on level 1 of the Lair of Beasts)
 10708 | Lair:2   | Noticed Gastronok
 10735 | Lair:2   | Killed Gastronok
 10735 | Lair:2   | Received a gift from Okawaru
 10780 | Lair:2   | Found a labyrinth entrance.
 10796 | Lab      | Entered a labyrinth
 11230 | Lab      | Noticed a minotaur
 11248 | Lab      | Killed a minotaur
 11465 | Lair:2   | Gained mutation: You can hop longer distances. [Barachian growth]
 11465 | Lair:2   | Reached XP level 13. HP: 103/103 MP: 13/15
 11651 | Lair:2   | Found a staircase to the Swamp.
 12081 | Lair:3   | Reached skill level 10 in Fighting
 12144 | Lair:2   | Reached skill level 10 in Armour
 12211 | Lair:3   | Reached skill level 1 in Dodging
 12599 | Lair:3   | Found a staircase to the Snake Pit.
 12656 | Lair:3   | Noticed Syneil's ghost (journeyman TrMo)
 12681 | Lair:3   | Killed Syneil's ghost
 13179 | Lair:4   | Got a warped long sword
 13266 | Lair:4   | Reached skill level 5 in Invocations
 13303 | Lair:4   | Received a gift from Okawaru
 13303 | Lair:4   | Reached skill level 15 in Maces & Flails
 14015 | Lair:5   | Noticed Kirke
 14029 | Lair:5   | Reached skill level 10 in Shields
 14048 | Lair:5   | Killed Kirke
 14102 | Lair:5   | Reached XP level 14. HP: 103/111 MP: 15/18
 14205 | Lair:5   | Reached ****** piety under Okawaru
 14205 | Lair:5   | Received a gift from Okawaru
 14850 | Lair:6   | Entered Level 6 of the Lair of Beasts
 15078 | Lair:6   | Received a gift from Okawaru
 15414 | Lair:6   | Received a gift from Okawaru
 15482 | Lair:6   | Found a staircase to the Slime Pits.
 15694 | Lair:6   | Reached skill level 5 in Dodging
 16160 | Lair:6   | Reached skill level 16 in Maces & Flails
 16435 | Orc:1    | Entered Level 1 of the Orcish Mines
 16435 | Orc:1    | Found a roughly hewn altar of Beogh.
 16481 | Orc:1    | Found Umnoxutu's Antique Armour Boutique.
 16538 | Orc:1    | Bought a pair of warped boots for 218 gold pieces
 16548 | Orc:1    | Identified the cursed +0 pair of boots of Vyutur {rN+++ rCorr Str-2} (You bought it in a shop on level 1 of the Orcish Mines)
 16594 | Orc:2    | Entered Level 2 of the Orcish Mines
 16835 | Orc:2    | Found a staircase to the Elven Halls.
 16848 | Orc:2    | Found Jeizudd's Distillery.
 16849 | Orc:2    | Noticed Uhlv's ghost (journeyman DsSk)
 17249 | Orc:2    | Killed Uhlv's ghost
 17448 | Orc:2    | Iwannabefree: immo bi zachital
 17451 | Orc:2    | Iwannabefree: rip
 17526 | Orc:2    | Reached XP level 15. HP: 102/120 MP: 19/19
 17824 | Orc:2    | Found Poepteomoe's Assorted Antiques.
 17824 | Orc:2    | Found Xyluurioll's Weapon Boutique.
 17824 | Orc:2    | Found Yffycs Qudgh's Antique Weapon Shop.
 17827 | Orc:2    | Found Zoweab's Jewellery Emporium.
 17861 | Orc:2    | Bought a scroll labeled GULUKU ZE QOU for 34 gold pieces
 17863 | Orc:2    | Bought an uncursed ring of poison resistance for 260 gold pieces
 17926 | Orc:2    | Found a roughly hewn altar of Beogh.
 18076 | D:7      | Bought a scroll of enchant armour for 90 gold pieces
 18551 | D:11     | Received a gift from Okawaru
 18555 | D:11     | Got a jewelled mace {god gift}
 18556 | D:11     | Identified the +1 mace of Zoamn {crush, MP+9} (Okawaru gifted it to you on level 11 of the Dungeon)
 19185 | D:12     | Found Wuizog's General Store.
 19191 | D:12     | Bought a scroll of identify for 26 gold pieces
 19191 | D:12     | Bought a scroll of identify for 26 gold pieces
 19191 | D:12     | Bought a potion of might for 52 gold pieces
 19328 | D:13     | Found a gate to the Vaults.
 20310 | D:13     | Identified Ruriosem's Reference Book on the Lucky Voyage
 20317 | D:13     | Got a fine copper ring
 20319 | D:13     | Identified the ring "Medwibih" {rC+ Str+2} (You found it on level 13 of the Dungeon)
 20330 | D:13     | Learned a level 1 spell: Apportation
 20332 | D:13     | Got an ancient halberd
 20378 | D:13     | Reached skill level 17 in Maces & Flails
 20994 | D:14     | Received a gift from Okawaru
 21366 | D:15     | Entered Level 15 of the Dungeon
 21408 | D:15     | Reached XP level 16. HP: 91/129 MP: 20/20
 21625 | D:15     | Found a staircase to the Depths.
 22414 | Swamp:1  | Entered Level 1 of the Swamp
 22489 | Swamp:1  | Found a frozen archway.
 22498 | IceCv    | Entered an ice cave
 22946 | IceCv    | Noticed an Ice Fiend
 22965 | IceCv    | Killed an Ice Fiend
 23042 | IceCv    | Sapher: ^_^
 24202 | Swamp:1  | Received a gift from Okawaru
 24872 | Swamp:2  | Reached skill level 18 in Maces & Flails
 25301 | Swamp:3  | Reached XP level 17. HP: 135/137 MP: 19/21
 26100 | Swamp:4  | Entered Level 4 of the Swamp
 26381 | Snake:1  | Entered Level 1 of the Snake Pit
 26387 | Snake:1  | Noticed Asterion
 26397 | Snake:1  | Gained mutation: You are clumsy. (Dex -2) [a cacodemon]
 26407 | Snake:1  | Killed Asterion
 26876 | Snake:1  | Found Ruzor's Antique Weapon Boutique.
 27017 | Snake:1  | Learned a level 3 spell: Lesser Beckoning
 27193 | Snake:1  | Found Fogol's Antique Weapon Boutique.
 27206 | Snake:1  | Bought a runed morningstar for 290 gold pieces
 27585 | Snake:2  | Received a gift from Okawaru
 28039 | Snake:2  | Reached skill level 10 in Dodging
 29669 | Snake:3  | Reached XP level 18. HP: 141/146 MP: 15/22
 29943 | Snake:4  | Entered Level 4 of the Snake Pit
 29976 | Snake:4  | Reached skill level 19 in Maces & Flails
 30255 | Snake:4  | Goblin1989: так
 30255 | Snake:4  | Goblin1989: главное чтобы мистклики мисткликать не началди сейчас
 30890 | Snake:4  | Received a gift from Okawaru
 30981 | Snake:4  | Noticed Vashnia
 31026 | Snake:4  | Killed Vashnia
 31473 | Snake:4  | Got a serpentine rune of Zot
 31635 | Snake:4  | Noticed Jorgrun
 31661 | Snake:4  | Killed Jorgrun
 32532 | D:7      | Bought a +1 plate armour of positive energy for 384 gold pieces
 32891 | Swamp:3  | Reached XP level 19. HP: 99/154 MP: 23/23
 33239 | Swamp:4  | Noticed Uhlv's ghost (adept TrWr)
 33501 | Swamp:4  | Reached skill level 20 in Maces & Flails
 33575 | Swamp:4  | Killed Uhlv's ghost
 33575 | Swamp:4  | Reached skill level 15 in Fighting
 33575 | Swamp:4  | Reached skill level 15 in Armour
 34241 | Swamp:4  | HP: 7/155 [spectral five-headed hydra[a spriggan druid] (11)]
 34402 | Swamp:4  | Got a decaying rune of Zot
 34806 | D:10     | Bought a potion of agility for 40 gold pieces
 34806 | D:10     | Bought a potion of might for 40 gold pieces
 34806 | D:10     | Bought a potion of heal wounds for 50 gold pieces
 34806 | D:10     | Bought a potion of heal wounds for 50 gold pieces
 34806 | D:10     | Bought a potion of resistance for 100 gold pieces
 34806 | D:10     | Bought a potion of heal wounds for 50 gold pieces
 34806 | D:10     | Bought a potion of curing for 30 gold pieces
 34935 | Vaults:1 | Entered Level 1 of the Vaults
 35116 | Vaults:1 | Found a magical portal.
 35132 | WizLab   | Entered Doroklohe's Tomb
 35631 | Vaults:1 | Found Den Poff's Food Emporium.
 36034 | Vaults:1 | Received a gift from Okawaru
 36676 | Vaults:1 | Noticed a tentacled monstrosity
 36698 | Vaults:1 | Killed a tentacled monstrosity
 36713 | Vaults:1 | Reached XP level 20. HP: 89/163 MP: 19/24
 37145 | Vaults:1 | Found Foskyrhi's Gadget Shop.
 37318 | Vaults:1 | Found Roedocog's Magic Scroll Boutique.
 37332 | Vaults:1 | Bought a scroll of identify for 30 gold pieces
 37332 | Vaults:1 | Bought a scroll of teleportation for 45 gold pieces
 37332 | Vaults:1 | Bought a scroll of identify for 30 gold pieces
 37332 | Vaults:1 | Bought a scroll of identify for 30 gold pieces
 37639 | Vaults:2 | Found Wuab's Antique Armour Shop.
 37909 | Vaults:2 | Reached skill level 21 in Maces & Flails
 38055 | Vaults:2 | Paralysed by a hornet for 3 turns
 38381 | Vaults:2 | Received a gift from Okawaru
 39099 | Vaults:2 | Found a staircase to the Crypt.
 39591 | Vaults:3 | Reached skill level 15 in Shields
 39698 | Vaults:3 | Received a gift from Okawaru
 39707 | Vaults:3 | Got a steaming demon whip {god gift}
 39708 | Vaults:3 | Identified the +8 demon whip of the Present {freeze, -Tele +Fly rN+ MP+9 Stlth-} (Okawaru gifted it to you on level 3 of the Vaults)
 39921 | Vaults:3 | Noticed Boris
 39943 | Vaults:3 | Killed Boris
 40353 | Vaults:3 | Reached XP level 21. HP: 154/171 MP: 25/25
 40525 | Vaults:3 | Found Petify's Book Shop.
 41002 | Vaults:4 | Received a gift from Okawaru
 41012 | Vaults:4 | Got a bloodstained ring mail {god gift}
 41788 | Vaults:4 | Reached skill level 22 in Maces & Flails
 43171 | Depths:1 | Entered Level 1 of the Depths
 43212 | D:15     | Gained mutation: Your movements are slightly less encumbered by armour. (ER -2) [potion of beneficial mutation]
 43525 | Depths:1 | Reached XP level 22. HP: 164/180 MP: 27/27
 43545 | Depths:1 | Got an emerald-encrusted plate armour
 43556 | Depths:1 | Identified the cursed +1 plate armour of the Equinox {Int+2} (You found it on level 1 of the Depths)
 43568 | Depths:1 | Received a gift from Okawaru
 43804 | Depths:1 | Found a gateway to Hell.
 44059 | Depths:1 | Found a one-way gate leading to the halls of Pandemonium.
 44090 | Depths:1 | Found Paepp's Jewellery Boutique.
 44091 | Depths:1 | Found Keoschaet's Gadget Shoppe.
 44091 | Depths:1 | Found Keusocal's Gadget Shoppe.
 44510 | Depths:1 | Found a runed door.
 44587 | Depths:1 | Found a radiant altar of Vehumet.
 44587 | Depths:1 | Noticed an ancient lich
 44610 | Depths:1 | Killed an ancient lich
 44610 | Depths:1 | Received a gift from Okawaru
 44630 | Depths:1 | Identified Zuenecy's Papyrus of Combat Magic
 45609 | Depths:2 | Received a gift from Okawaru
 45660 | Depths:2 | Got an iridescent short sword {pierce}
 45714 | Depths:2 | Identified Zefeag's Catalogue of Evil Rites and Feathers
 45809 | Depths:2 | Reached XP level 23. HP: 180/188 MP: 29/29
 46167 | Depths:3 | Noticed Jory
 46197 | Depths:3 | Killed Jory
 46553 | Depths:3 | Found a gateway to a ziggurat.
 46738 | Depths:3 | Received a gift from Okawaru
 47097 | Depths:3 | Got a translucent dagger
 47307 | Depths:3 | Found a one-way gate to the infinite horrors of the Abyss.
 47517 | Depths:4 | Reached skill level 10 in Invocations
 47546 | Depths:4 | Killed from afar by a fire giant

Vault maps used:
D:1:      minmay_arrival_up_and_down, minmay_pentomino_t2
D:2:      first_bread, hangedman_feature_mirror, uniq_crazy_yiuf_cottage
D:3:      uniq_terence
D:4:      cheibrodos_greedy_goblins, minmay_lizard_king
D:5:      serial_shops, nicolae_shop_waterfront, uniq_sigmund
D:6:      uniq_prince_ribbit1
D:7:      basic_altar, serial_shops, shop_coins, nicolae_shop_behind_doors,
          shop, nicolae_shop_trees, uniq_duvessa
D:8:      uniq_joseph
D:9:      cheibrodos_helix_gallery, david_orc_3, serial_shops, shop_fountains,
          grunt_pizzeria, elyvilon_altar_4
D:10:     lair_entry_dummy, basic_altar, serial_shops, shop
D:12:     serial_shops, nicolae_shop_waterfront
D:13:     minmay_sliced_demisemicircle, erik_vaults_2
D:14:     minmay_misc_feat_square
D:15:     grunt_enter_depths_giant_problem, grunt_decor_arrowhead
Temple:   nicolae_temple_the_god_donut
Lair:1:   lemuel_fruit_fields
Lair:2:   nicolae_swamp_entry_splash_gauntlet, lab_entry_generic,
          lemuel_fruit_fields, uniq_gastronok
Lair:3:   guppyfry_snake_entry_garden, nicolae_quartered_pool_super
Lair:4:   serial_bayou_shore_b, grunt_megastairs_4
Lair:5:   grunt_megastairs_1, uniq_kirke
Lair:6:   hangedman_lair_in_review, dpeg_slime_entry_corner, lemuel_fruit_fields
Swamp:1:  portal_ice_cave_entry_pillars_2, evilmike_swamp_ruin_house_4
Swamp:2:  hangedman_swamp_lotus
Swamp:3:  evilmike_swamp_ruin_house_2
Swamp:4:  swamp_alternative, swamp_pool1
Snake:1:  spider_trap, nrook_guardian_serpent_ordinary, minmay_shop_star,
          uniq_asterion
Snake:2:  spider_trap
Snake:3:  grunt_megastairs_3
Snake:4:  johnstein_snake_rune_scales, uniq_jorgrun
Orc:1:    basic_altar, serial_shops, shop
Orc:2:    st_orc_rangers, serial_shops, shop, mines1_david
Vaults:1: v_pattern_5, hangedman_vaults_restitches,
          nicolae_vaults_little_squares_6, grunt_vaults_twisty, st_check,
          v_misc_2, nicolae_vaults_little_ls, nicolae_vaults_little_squares_4,
          vaults_room_fours, v_alt_pattern_5, ontoclasm_vaults_twist,
          hangedman_vaults_corner_blocks, mu_enter_wizlab_1, serial_shops,
          nicolae_shop_trees, nicolae_shop_temple_entry_statues_fountains,
          nicolae_shop_crystal
Vaults:2: nicolae_vaults_little_squares_5, hangedman_vaults_hat,
          nicolae_vaults_big_angled_halls, nicolae_vaults_back_hallway,
          minmay_crypt_entry_simple_statues, vaults_room_door_hall,
          ontoclasm_vaults_shuriken, grunt_vaults_hallway_short,
          vaults_dpeg_hooks, serial_shops, nicolae_shop_behind_doors
Vaults:3: v_misc_10, nicolae_vaults_yaktaur_gun_rack,
          nicolae_vaults_network_quinsquares, stair_cage_open, v_misc_33,
          nicolae_vaults_little_squares_4, vaults_dpeg_ring,
          nicolae_vaults_rhombus_6, v_misc_30, vaults_dpeg_encased_lava,
          vaults_standard_mumra_x, v_misc_24, v_alt_pattern_1, serial_glass,
          serial_shops, nicolae_shop_temple_entry_statues_fountains, uniq_boris
Vaults:4: v_misc_13, vaults_room_large_hall, v_misc_13, st_lattice,
          serial_ice_h, v_misc_31, vaults_room_door_hall, ontoclasm_vaults_spin,
          grunt_vaults_swirl, hangedman_vaults_cutoff, hangedman_vaults_slice
Depths:1: lightli_too_deep, minmay_tree_intersection, pan_entry,
          minmay_misc_feat_secret_circle, grunt_absolute_annihilation,
          minmay_shop_grove, serial_bayou_shore_b
Depths:2: lemuel_castle_with_subvaults, pf_coc_iceberg
Depths:3: minmay_blocking_statues, enter_ziggurat_b, infiniplex_staircase_star,
          minmay_room_of_horrors, hangedman_tar_grid_catacomb, pan_entry,
          serial_bayou_shore_a, uniq_jory
Depths:4: evilmike_cross, hellmouth_1, abyss_entry, minmay_misc_feat_tower
Lab:      nicolae_lab_x, nicolae_lab_garden
IceCv:    ice_cave_tombish
WizLab:   wizlab_doroklohe

Skill      XL: |  1  2  3  4  5  6  7  8  9 10 11 12 13 14 15 16 17 18 19 20 21 22 23 |
---------------+----------------------------------------------------------------------+-----
Maces & Flails | 3 4 5 6 7 9 10 11 13 14 15 16 17 18 19 20 21 22 | 22.0
Fighting       | 4 5 8 9 10 11 12 13 14 15 16 17 | 17.9
Armour         | 4 5 8 9 10 11 12 13 14 15 16 17 | 17.9
Shields        | 5 7 9 10 11 12 13 14 15 16 17 18 | 18.2
Invocations    | 2 5 6 9 10 | 10.0
Dodging        | 3 6 7 9 10 11 12 13 14 | 14.9

Action                   |  1- 3 |  4- 6 |  7- 9 | 10-12 | 13-15 | 16-18 | 19-21 | 22-24 || total
-------------------------+-------+-------+-------+-------+-------+-------+-------+-------++-------
Melee: Flail             |   178 |   282 |   539 |   611 |  2148 |  2925 |  1953 |       ||  8636
       Demon whip        |       |       |       |       |       |       |  1000 |  1412 ||  2412
Invok: Heroism           |       |       |     8 |    17 |    54 |    60 |    35 |    20 ||   194
       Finesse           |       |       |       |       |     6 |    11 |    12 |     5 ||    34
 Abil: Hop               |     1 |     1 |     3 |     3 |     4 |     1 |     1 |       ||    14
Evoke: Wand              |       |       |       |       |       |     2 |       |       ||     2
  Use: Scroll            |       |     6 |     8 |    13 |     8 |     6 |     4 |     7 ||    52
       Potion            |       |       |     3 |     1 |     6 |     4 |     4 |       ||    18
 Stab: Distracted        |       |       |       |       |     1 |     1 |     1 |       ||     3
       Confused          |       |       |       |       |       |       |     1 |       ||     1
  Eat: Chunk             |     3 |     9 |    14 |    12 |    29 |    19 |    37 |    15 ||   138
       Pizza             |       |     1 |       |       |       |     3 |     3 |       ||     7
       Meat ration       |       |       |     1 |     2 |       |       |       |       ||     3
       Beef jerky        |       |       |       |     1 |       |     7 |       |       ||     8
       Fruit             |       |       |       |       |     8 |    13 |       |       ||    21
       Royal jelly       |       |       |       |       |       |     1 |       |       ||     1
Armor: Scale mail        |   100 |   162 |   109 |    10 |   294 |       |       |       ||   675
       Skin              |       |       |    79 |       |       |       |       |       ||    79
       Chain mail        |       |       |    84 |   140 |   193 |   606 |       |       ||  1023
       Ice dragon scales |       |       |       |     4 |       |       |       |       ||     4
       Plate armour      |       |       |       |       |       |    61 |   795 |   171 ||  1027
Dodge: Dodged            |    68 |    80 |    71 |    41 |   373 |   581 |   592 |   170 ||  1976
Block: Shield            |    89 |   118 |    80 |       |       |       |       |       ||   287
       Large shield      |       |       |   349 |   574 |  2376 |  3214 |  3001 |  1016 || 10530

Vault maps used:
D:1:      minmay_arrival_up_and_down, minmay_pentomino_t2
D:2:      first_bread, hangedman_feature_mirror, uniq_crazy_yiuf_cottage
D:3:      uniq_terence
D:4:      cheibrodos_greedy_goblins, minmay_lizard_king
D:5:      serial_shops, nicolae_shop_waterfront, uniq_sigmund
D:6:      uniq_prince_ribbit1
D:7:      basic_altar, serial_shops, shop_coins, nicolae_shop_behind_doors,
          shop, nicolae_shop_trees, uniq_duvessa
D:8:      uniq_joseph
D:9:      cheibrodos_helix_gallery, david_orc_3, serial_shops, shop_fountains,
          grunt_pizzeria, elyvilon_altar_4
D:10:     lair_entry_dummy, basic_altar, serial_shops, shop
D:12:     serial_shops, nicolae_shop_waterfront
D:13:     minmay_sliced_demisemicircle, erik_vaults_2
D:14:     minmay_misc_feat_square
D:15:     grunt_enter_depths_giant_problem, grunt_decor_arrowhead
Temple:   nicolae_temple_the_god_donut
Lair:1:   lemuel_fruit_fields
Lair:2:   nicolae_swamp_entry_splash_gauntlet, lab_entry_generic,
          lemuel_fruit_fields, uniq_gastronok
Lair:3:   guppyfry_snake_entry_garden, nicolae_quartered_pool_super
Lair:4:   serial_bayou_shore_b, grunt_megastairs_4
Lair:5:   grunt_megastairs_1, uniq_kirke
Lair:6:   hangedman_lair_in_review, dpeg_slime_entry_corner, lemuel_fruit_fields
Swamp:1:  portal_ice_cave_entry_pillars_2, evilmike_swamp_ruin_house_4
Swamp:2:  hangedman_swamp_lotus
Swamp:3:  evilmike_swamp_ruin_house_2
Swamp:4:  swamp_alternative, swamp_pool1
Snake:1:  spider_trap, nrook_guardian_serpent_ordinary, minmay_shop_star,
          uniq_asterion
Snake:2:  spider_trap
Snake:3:  grunt_megastairs_3
Snake:4:  johnstein_snake_rune_scales, uniq_jorgrun
Orc:1:    basic_altar, serial_shops, shop
Orc:2:    st_orc_rangers, serial_shops, shop, mines1_david
Vaults:1: v_pattern_5, hangedman_vaults_restitches,
          nicolae_vaults_little_squares_6, grunt_vaults_twisty, st_check,
          v_misc_2, nicolae_vaults_little_ls, nicolae_vaults_little_squares_4,
          vaults_room_fours, v_alt_pattern_5, ontoclasm_vaults_twist,
          hangedman_vaults_corner_blocks, mu_enter_wizlab_1, serial_shops,
          nicolae_shop_trees, nicolae_shop_temple_entry_statues_fountains,
          nicolae_shop_crystal
Vaults:2: nicolae_vaults_little_squares_5, hangedman_vaults_hat,
          nicolae_vaults_big_angled_halls, nicolae_vaults_back_hallway,
          minmay_crypt_entry_simple_statues, vaults_room_door_hall,
          ontoclasm_vaults_shuriken, grunt_vaults_hallway_short,
          vaults_dpeg_hooks, serial_shops, nicolae_shop_behind_doors
Vaults:3: v_misc_10, nicolae_vaults_yaktaur_gun_rack,
          nicolae_vaults_network_quinsquares, stair_cage_open, v_misc_33,
          nicolae_vaults_little_squares_4, vaults_dpeg_ring,
          nicolae_vaults_rhombus_6, v_misc_30, vaults_dpeg_encased_lava,
          vaults_standard_mumra_x, v_misc_24, v_alt_pattern_1, serial_glass,
          serial_shops, nicolae_shop_temple_entry_statues_fountains, uniq_boris
Vaults:4: v_misc_13, vaults_room_large_hall, v_misc_13, st_lattice,
          serial_ice_h, v_misc_31, vaults_room_door_hall, ontoclasm_vaults_spin,
          grunt_vaults_swirl, hangedman_vaults_cutoff, hangedman_vaults_slice
Depths:1: lightli_too_deep, minmay_tree_intersection, pan_entry,
          minmay_misc_feat_secret_circle, grunt_absolute_annihilation,
          minmay_shop_grove, serial_bayou_shore_b
Depths:2: lemuel_castle_with_subvaults, pf_coc_iceberg
Depths:3: minmay_blocking_statues, enter_ziggurat_b, infiniplex_staircase_star,
          minmay_room_of_horrors, hangedman_tar_grid_catacomb, pan_entry,
          serial_bayou_shore_a, uniq_jory
Depths:4: evilmike_cross, hellmouth_1, abyss_entry, minmay_misc_feat_tower
Lab:      nicolae_lab_x, nicolae_lab_garden
IceCv:    ice_cave_tombish
WizLab:   wizlab_doroklohe
